 Dungeon Crawl Stone Soup version 0.27.1-37-g7b29ead8ac (console) character file.

Game seed: 2181792765654014294

36 grimtooth the Chopper (level 3, -1/31 HPs)
             Began as a Palentonga Abyssal Knight on May 9, 2023.
             Was a Follower of Lugonu.
             Killed from afar by Sigmund (7 damage)
             ... with a magic dart
             ... on level 2 of the Dungeon.
             The game lasted 00:06:03 (1185 turns).

grimtooth the Chopper (Palentonga Abyssal Knight)   Turns: 1185, Time: 00:06:03

Health: -1/31      AC:  5    Str: 16    XL:     3   Next: 19%
Magic:  4/4        EV:  9    Int: 12    God:    Lugonu [*.....]
Gold:   49         SH:  0    Dex:  9    Spells: 2/2 levels left

rFire    . . .     SeeInvis +   a - +1 hand axe
rCold    . . .     Faith    .   (no shield)
rNeg     + . .     Spirit   .   b - +0 leather armour
rPois    .         Reflect  .   (no helmet)
rElec    .         Harm     .   c - +0 cloak
rCorr    +         Rampage  .   (no gloves)
Will     .....                  (no barding)
Stlth    +.........             (no amulet)
HPRegen  0.10/turn              f - ring of positive energy
MPRegen  0.09/turn              j - ring of resist corrosion

@: no status effects
A: large, rugged brown scales 3, see invisible, deformed body, roll 1, armoured
tail
a: Rolling Charge, Renounce Religion, Depart the Abyss


You were on level 2 of the Dungeon.
You worshipped Lugonu.
Lugonu was aware of your devotion.
You visited 1 branch of the dungeon, and saw 2 of its levels.
You visited the Abyss 1 time.

You collected 49 gold pieces.

Inventory:

Hand Weapons
 a - a +1 hand axe (weapon)
Missiles
 h - 4 stones
Armour
 b - a +0 leather armour (worn)
 c - a +0 cloak (worn)
Jewellery
 f - a ring of positive energy (left hand)
 j - a ring of resist corrosion (right hand)
Scrolls
 d - a scroll of holy word {unknown}
 e - a scroll of magic mapping {unknown}
 k - a scroll of teleportation {unknown}


   Skills:
 - Level 3.0 Fighting
 + Level 3.7 Axes
 - Level 1.5 Armour
 - Level 0.7 Dodging
 - Level 2.0 Invocations


You had 2 spell levels left.
You didn't know any spells.
Your spell library contained the following spells:

 Spells                   Type           Power      Damage    Failure   Level
 Ozocubu's Armour         Ice            0%         N/A       77%         3
 Ozocubu's Refrigeration  Ice            0%         4d5       100%        7


Dungeon Overview and Level Annotations

Branches:
Dungeon (2/15)

Altars:

Annotations:
D:2 Sigmund


Innate Abilities, Weirdness & Mutations

You are completely covered in rugged brown scales. (AC +3, +7% HP)
You have supernaturally acute eyesight. (SInv)
Armour fits poorly on your strangely shaped body.
You can roll at nearby foes to attack.
You have a long armoured tail.


Message History

The magic dart hits you!
* * * LOW HITPOINT WARNING * * *
You barely miss Sigmund.
Your tail-slap misses Sigmund.
Sigmund is moderately wounded.
Sigmund gestures wildly while chanting.
Sigmund flickers and vanishes for a moment.
It was a potion of curing.
You feel better.
Sigmund points at you and mumbles some strange words.
You resist with significant effort.
You closely miss Sigmund.
Sigmund is moderately wounded.
Sigmund gestures at you while chanting. The puff of flame hits you!
You hit Sigmund.
Sigmund is heavily wounded.
Sigmund hits you with a +0 scythe.
* * * LOW HITPOINT WARNING * * *
It was a potion of cancellation.
You feel magically purged. Sigmund closely misses you.
You barely miss Sigmund. You tail-slap Sigmund.
Sigmund is heavily wounded.
A kobold comes into view. It is wielding a +0 short sword.
You hit Sigmund.
Sigmund is severely wounded.
Sigmund hits you with a +0 scythe.
* * * LOW HITPOINT WARNING * * *
You hit Sigmund but do no damage.
You tail-slap Sigmund, but do no damage.
Sigmund is severely wounded.
Sigmund closely misses you.
You closely miss Sigmund.
Sigmund is severely wounded.
You hit the kobold.
You kill the kobold!
Lugonu accepts your kill.
You completely miss Sigmund.
Sigmund is severely wounded.
Sigmund casts a spell at you. The magic dart hits you!
You die...

..# #.# #.# .. #.#
#.#... #.# #.#..
#.# ....
#.##.##<########.#
...........@......
.....#########.#.#
##.. ........g@#)#
#. .######.#.#@# #
###.@.#
.[....(.###
#######.# #.# #.#
#.. ###


You could see Sigmund (invisible).

Vanquished Creatures
  2 ball pythons (D:1)
  5 endoplasms (D:1)
  2 giant cockroaches (D:1)
  4 goblins (D:1)
  4 hobgoblins (D:1)
  4 quokkas (D:1)
  3 bats (D:1)
  A frilled lizard (D:1)
  4 kobolds
  A rat (D:1)
30 creatures vanquished.

Notes
Turn   | Place    | Note
-------+----------+-------------------------------------------
     0 | Abyss:1  | grimtooth the Palentonga Abyssal Knight began the quest for
                  | the Orb.
     0 | Abyss:1  | Reached XP level 1. HP: 19/19 MP: 2/2
    84 | Abyss:1  | Noticed an apocalypse crab
    86 | Abyss:1  | Noticed a will-o-the-wisp
    88 | D:1      | Escaped the Abyss
   222 | D:1      | Found a faded altar of an unknown god.
   234 | D:1      | Reached * piety under Lugonu
   323 | D:1      | Reached XP level 2. HP: 21/25 MP: 3/3
   896 | D:1      | Reached XP level 3. HP: 31/31 MP: 4/4
  1113 | D:2      | Noticed Sigmund
  1164 | D:2      | - lookin bad
  1185 | D:2      | Killed from afar by Sigmund

Illustrated notes

..# #.# #.# .. #.#
... #.# #.. #.#
...
#.##.##<########.#
...........@...g.
.....#########.#
##.. .........@# #
#. .######.#@#.# #
###°..#
.[....(.###
#######.# #.# #.#
#.. ###


Turn 1164 on D:2: - lookin bad

Levels and vault maps discovered:
D:1:      heliophobic_arrival_glass_houses, layout_basic,
          hellmonk_ecumenical_altar_slurped_away, minmay_distorted
D:2:      layout_basic, serial_shops, nicolae_shop_stone, nicolae_shop_crystal,
          shop, nicolae_square_shop, shop, uniq_sigmund

Skill      XL: |  1  2 |
---------------+-------+-----
Axes           | 3 |  3.7
Fighting       | |  3.0
Armour         | |  1.5
Dodging        | |  0.7
Invocations    | |  2.0

Action                   || total
-------------------------++-------
Melee: Hand axe          ||   113
       Tailslap          ||    19
Invok: Depart the Abyss  ||     1
 Abil: Rolling Charge    ||    18
  Use: Potion            ||     2
Armor: Leather armour    ||    36
Dodge: Dodged            ||    53
